 Dungeon Crawl Stone Soup version 0.28-a0-925-gd5e1996cdb (webtiles) character file.

Game seed: 6402971521766528212

606 ytrimaz the Chopper (level 7, 0/51 (55) HPs)
             Began as a Demonspawn Fighter on Nov 26, 2021.
             Slain by an orc (7 damage)
             ... on level 4 of the Dungeon.
             The game lasted 00:03:35 (3171 turns).

ytrimaz the Chopper (Demonspawn Fighter)            Turns: 3171, Time: 00:03:35

HP:   0/51 (55)     AC:  8    Str: 18    XL:     7   Next: 19%
MP:   7/7           EV:  9    Int: 10    God:
Gold: 106           SH: 10    Dex: 12    Spells: 6/6 levels left

rFire   . . .      SeeInvis .   a - +0 war axe
rCold   + . .      Faith    .   c - +1 buckler
rNeg    . . .      Spirit   .   b - +0 scale mail
rPois   .          Reflect  .   (no helmet)
rElec   .          Harm     .   (no cloak)
rCorr   +          Rampage  .   f - +0 pair of gloves
Will    .....                   (no boots)
Stlth   ..........              (no amulet)
HPRegen 0.17/turn               d - ring of protection from cold
MPRegen 0.10/turn               i - ring of resist corrosion

@: drained
A: large bone plates 1, weakness stinger 1
a: no special abilities


You were on level 4 of the Dungeon.
You visited 1 branch of the dungeon, and saw 4 of its levels.

You collected 106 gold pieces.

Inventory:

Hand Weapons
 a - a +0 war axe (weapon)
Armour
 b - a +0 scale mail (worn)
 c - a +1 buckler (worn)
 f - a +0 pair of gloves (worn)
 g - a +3 ring mail of cold resistance
Jewellery
 d - a ring of protection from cold (left hand)
 i - a ring of resist corrosion (right hand)
Scrolls
 h - a scroll of vulnerability
 k - a scroll of blinking
Potions
 e - a potion of heal wounds
 j - a potion of lignification


   Skills:
 + Level 4.6 Fighting
 + Level 4.6 Axes
 + Level 4.4 Armour
 - Level 4.0 Shields


You had 6 spell levels left.
You didn't know any spells.
Your spell library was empty.

Dungeon Overview and Level Annotations

Branches:
Dungeon (4/15)
 Temple: D:4-7

Altars:

Annotations:
D:4 Dowan, Duvessa, Grinder


Innate Abilities, Weirdness & Mutations

You are partially covered in large bone plates. (SH +4)
You have a small tail.


Message History

As you read the scroll of teleportation, it crumbles to dust.
You feel strangely unstable.
Dowan, Brother of Duvessa comes into view.
He is wielding a +0 flail.
Things that are here:
a +2 flail of draining; an emerald potion Grinder comes into view.
Grinder shouts!
Your surroundings suddenly seem different.
An orc wizard comes into view. It is wielding a +0 dagger.
Found an amethyst potion.
The orc wizard shouts!
You hear a shout!
Unknown command.
An orc wizard is nearby!
An orc comes into view.
It is wielding a +0 flail. 2 orcs and an orc wizard come into view.
The orc wizard is wielding a +1 vampiric dagger.
Found a scroll labelled OLUIHAYZXUHES.
The orc shouts!
The orc wizard shouts!
The orc shouts!
The orc wizard gestures at you while chanting.
You are confused.
Unknown command.
The orc wizard gestures at you while chanting.
The magic dart hits you but does no damage.
Unknown command.
You're too confused to move!
You feel less confused. The orc wizard closely misses you.
You slash the orc wizard!
The orc wizard is severely wounded.
You closely miss the orc. The orc hits you with a +0 flail.
* * * LOW HITPOINT WARNING * * *
The orc wizard points at you and mumbles some strange words.
The magic dart hits you.
* * * LOW HITPOINT WARNING * * *
You hit the orc wizard but do no damage.
The orc wizard is severely wounded.
You hit the orc. You barely miss the orc. The orc barely misses you.
The orc hits you but does no damage. The orc wizard barely misses you.
The orc hits you with a +0 flail!
You die...

##.....#....?##
##.............##
#...............#
................#
#...............#
#................
.......o........!
......o.@........
.#....ooo........
........#.....###
.###.##########
#. # .. . (.. .##
#.......#


You could see 2 orc wizards and 3 orcs.

Vanquished Creatures
  Sigmund (D:2)
  Edmund (D:4)
  A scorpion (D:4)
  A howler monkey (D:4)
  Jessica (D:2)
  A centaur skeleton (D:4)
  Natasha (thrice) (D:3)
  5 adders
  2 dart slugs
  2 orcs (D:3)
  6 endoplasms
  3 giant cockroaches
  10 goblins
  6 hobgoblins
  3 jackals (D:4)
  A quokka (D:3)
  4 ball pythons
  A ball python skeleton (D:3)
  4 bats
  A frilled lizard (D:1)
  4 kobolds
  8 rats
69 creatures vanquished.

Notes
Turn   | Place    | Note
-------+----------+-------------------------------------------
     0 | D:1      | ytrimaz the Demonspawn Fighter began the quest for the Orb.
     0 | D:1      | Reached XP level 1. HP: 18/18 MP: 1/1
     7 | D:1      | You fall into a shaft and drop 1 floor!
    49 | D:2      | Noticed Sigmund
    64 | D:2      | Killed Sigmund
    65 | D:2      | Gained mutation: You are partially covered in large bone
                  | plates. (SH +4) [demonic ancestry]
    65 | D:2      | Reached XP level 2. HP: 15/25 MP: 2/2
    65 | D:2      | Reached XP level 3. HP: 18/30 MP: 3/3
    65 | D:2      | Reached XP level 4. HP: 22/37 MP: 4/4
    65 | D:2      | Reached XP level 5. HP: 25/42 MP: 5/5
   570 | D:2      | Noticed Jessica
   574 | D:2      | Killed Jessica
  1521 | D:1      | Found a faded altar of an unknown god.
  1898 | D:3      | Gained mutation: You have a small tail. [demonic ancestry]
  1898 | D:3      | Reached XP level 6. HP: 24/48 MP: 6/6
  2552 | D:3      | Noticed Natasha
  2559 | D:3      | Killed Natasha
  2874 | D:3      | Noticed Natasha
  2880 | D:3      | Killed Natasha
  2986 | D:3      | Noticed Natasha
  2993 | D:3      | Killed Natasha
  3026 | D:4      | Noticed Edmund
  3050 | D:4      | Killed Edmund
  3051 | D:4      | Reached XP level 7. HP: 22/48 MP: 7/7
  3152 | D:4      | Noticed Duvessa
  3158 | D:4      | Noticed Dowan
  3161 | D:4      | Noticed Grinder
  3171 | D:4      | Slain by an orc

Illustrated notes

Levels and vault maps discovered:
D:1:      minmay_arrival_four_houses, layout_basic,
          nicolae_ecumenical_lake_church
D:2:      layout_basic, uniq_sigmund, uniq_jessica
D:3:      layout_loops_corners, serial_rivers, chequers_serial_rivers_small_3,
          chequers_serial_rivers_small_b, chequers_serial_rivers_small_3,
          chequers_serial_rivers_micro_a, chequers_serial_rivers_room_b,
          minmay_fractal_squares_5, uniq_natasha
D:4:      layout_rooms, mainiacjoe_overflow_six_doors_small,
          minmay_temple_entry_slanted, uniq_duvessa, uniq_grinder, uniq_edmund,
          uniq_eustachio, uniq_crazy_yiuf_cottage, uniq_blork_the_orc

Skill      XL: |  1  2  3  4  5  6 |
---------------+-------------------+-----
Fighting       | 4 |  4.6
Axes           | 2 3 4 |  4.6
Armour         | 3 4 |  4.4
Shields        | 3 4 |  4.0

Action                   |  1- 3 |  4- 6 |  7- 9 || total
-------------------------+-------+-------+-------++-------
Melee: War axe           |     9 |   207 |    20 ||   236
       Tailslap          |       |     5 |     1 ||     6
  Use: Potion            |     1 |     1 |     1 ||     3
       Scroll            |       |     8 |     1 ||     9
Armor: Scale mail        |     3 |    74 |     4 ||    81
       Skin              |       |    21 |    14 ||    35
Dodge: Dodged            |     6 |    94 |     8 ||   108
Block: Buckler           |     1 |   118 |     8 ||   127

Table legend: (Time is in decaauts)
 A = Elapsed time spent in this place.
 B = Non-inter-level travel time spent in this place.
 C = Inter-level travel time spent in this place.
 D = Time resting spent in this place.
 E = Time spent auto-exploring this place.
 F = Levels seen in this place.
 G = Mean time per level.
                   A        B        C        D        E       F      G
               +--------+--------+--------+--------+--------+-----+--------+
         Total |   3264 |   3160 |    104 |     67 |   2457 |   4 |  816.0 |
       Dungeon |   3264 |   3160 |    104 |     67 |   2457 |   4 |  816.0 |
               +--------+--------+--------+--------+--------+-----+--------+

Top non-repeatable levels by time:
     D:3: 1296 daAuts
     D:2: 1116 daAuts
     D:1: 680 daAuts
     D:4: 170 daAuts
